 Dungeon Crawl Stone Soup version 0.31-a0-1338-gb567cfdca4 (webtiles) character file.

Game seed: 5596567167509645710

1438 IdlyInterested the Ruffian (level 8, -4/58 HPs)
             Began as a Demonspawn Fighter on Dec 21, 2023.
             Killed from afar by a white imp (9 damage)
             ... with a puff of frost
             ... on level 6 of the Dungeon.
             The game lasted 00:18:04 (4819 turns).

IdlyInterested the Ruffian (Demonspawn Fighter)     Turns: 4819, Time: 00:18:05

Health: -4/58      AC:  6    Str: 17    XL:     8   Next: 45%
Magic:  8/8        EV: 12    Int:  9    God:
Gold:   219        SH: 14    Dex: 20    Spells: 7/7 levels left

rFire   . .          .
                       - Unarmed
rCold   . . .        c - +0 buckler
rNeg    + . .        B - +2 robe {rN+}
rPois   +            d - +1 helmet
rElec   .            q - scarf {harm}
rCorr   .            (no gloves)
SInv    .            (no boots)
Will    .....        z - amulet of reflection
Stlth   ++           p - ring of poison resistance
HPRegen 0.29/turn    t - +6 ring of dexterity
MPRegen 0.11/turn

%: harm (+30% outgoing, +20% incoming), reflection
@: attractive
A: claws 1, large bone plates 1, powered by pain 1, spiny 2
a: no special abilities


You were on level 6 of the Dungeon.
You visited 1 branch of the dungeon, and saw 6 of its levels.

You collected 219 gold pieces.

Inventory:

Hand Weapons
 a - a +0 rapier
Missiles
 f - 35 stones (quivered)
 g - 10 poisoned darts
 r - 5 throwing nets
Armour
 c - a +0 buckler (worn)
 d - a +1 helmet (worn)
 q - a scarf of harm (worn)
 s - a +0 plate armour
 u - a +0 cloak
 B - a +2 robe of positive energy (worn)
Jewellery
 i - an amulet of guardian spirit
 j - a ring of protection from fire
 p - a ring of poison resistance (left claw)
 t - a +6 ring of dexterity (right claw)
 w - an amulet of magic regeneration
 z - an amulet of reflection (around neck)
Talismans
 E - a flux talisman
Wands
 H - a wand of flame (6)
Scrolls
 e - 2 scrolls of vulnerability
 l - a scroll of amnesia
 v - a scroll of enchant armour
 A - a scroll of enchant weapon
 C - 2 scrolls of fear
Potions
 b - 4 potions of haste
 k - a potion of curing
 n - a potion of mutation {unknown}
 o - a potion of brilliance {unknown}
 D - a potion of ambrosia {unknown}
 F - a potion of lignification {unknown}


   Skills:
 - Level 3.0 Fighting
 - Level 2.0 Short Blades
 + Level 2.6 Throwing
 - Level 3.0 Armour
 - Level 2.0 Dodging
 - Level 2.0 Stealth
 - Level 2.6 Shields
 * Level 7.7 Unarmed Combat
 - Level 2.0 Evocations
 - Level 2.0 Shapeshifting


You had 7 spell levels left.
You didn't know any spells.
Your spell library contained the following spells:

 Spells                   Type           Power      Damage    Failure   Level
 Magic Dart               Conj           0%         1d3       45%         1
 Slow                     Hex            0%         N/A       45%         1
 Sting                    Conj/Alch      0%         1d3       45%         1
 Mercury Vapours          Alch/Air       0%         N/A       61%         2
 Searing Ray              Conj           0%         2d4       61%         2
 Confusing Touch          Hex            0%         N/A       83%         3
 Sigil of Binding         Hex            0%         N/A       83%         3
 Vampiric Draining        Necr           0%         2d6       83%         3
 Fulminant Prism          Conj/Alch      0%         3d5       99%         4
 Olgreb's Toxic Radiance  Alch           0%         N/A       99%         4


Dungeon Overview and Level Annotations

Branches:
Dungeon (6/15)
 Temple: D:4-7

Altars:
Ru
Sif Muna
Wu Jian

Annotations:
D:6 Pikel


Innate Abilities, Weirdness & Mutations

You have sharp fingernails.
You are partially covered in large bone plates. (SH +4)
You sometimes gain a little power by taking damage.
You are mostly covered in sharp spines.


Message History

The orc wizard gestures at you while chanting.
You resist with some effort.
The orc warrior hits you with a +0 halberd!
The ogre hits you with a +0 giant spiked club!
* * * LOW HITPOINT WARNING * * *
Unknown command.
You scratch the ogre.
The ogre is moderately wounded.
The adder bites you but does no damage. The white imp gestures at you.
The puff of frost misses you.
The puff of frost hits the adder!
The adder dies!
A lemure comes into view.
The orc wizard is struck by your spines.
You kill the orc wizard!
The orc warrior closely misses you.
The orc priest is struck by your spines.
The orc priest completely misses you.
The centaur shoots an arrow.
The arrow closely misses you. The ogre closely misses you.
You feel your dexterity returning.
It was a potion of attraction.
You feel attractive to monsters.
The centaur shoots an arrow.
The arrow hits you.
* * * LOW HITPOINT WARNING * * *
The orc priest looks braver for a moment.
The orc warrior closely misses you.
A lemure comes into view.
The lemure is attracted toward you. Pikel is attracted toward you.
The lemure is attracted toward you. x2
You feel better. You block the orc warrior's attack.
The ogre closely misses you. You block the orc priest's attack.
Unknown command.
The lemure shouts!
You claw the orc priest!
You kill the orc priest!
The orc warrior hits you with a +0 halberd!
* * * LOW HITPOINT WARNING * * *
The white imp gestures at you. The puff of frost hits you!
You die...

#......# ##.# ...
#...#..# #.# ..#
#####..# #.# ..#
#.<## #.##..#
#...# #.#...#
#.#.# #....# #.#.#
###....# #.#..
#...5c###..#
#.##.##.#)@5......
#. ....#5Oo...##.
#. .... #.K.5§.#
#.#.... .....5.#
#..# ........§# .
..#.......§5
...###.#..#.. ....
..#.###


You could see Pikel, an orc warrior, an ogre, 4 lemures, a centaur and a white
imp.

Vanquished Creatures
  Grinder (D:5)
  Sigmund (D:3)
  A wyvern (D:6)
  Menkaure (D:5)
  A centaur (D:5)
  A phantom (D:5)
  Blork the orc (D:4)
  2 scorpions (D:5)
  A hound (D:5)
  An orc priest (D:6)
  2 iguanas
  2 orc wizards
  Natasha (thrice) (D:2)
  Robin (D:2)
  5 adders
  10 gnolls
  A shadow imp (D:5)
  A bombardier beetle (D:3)
  A worm (D:4)
  4 dart slugs
  8 orcs
  7 endoplasms
  2 giant cockroaches (D:1)
  14 goblins
  12 hobgoblins
  6 jackals
  6 quokkas
  7 ball pythons
  5 bats
  4 frilled lizards
  6 kobolds (D:1)
  5 rats
123 creatures vanquished.

Vanquished Creatures (others)
  An adder (D:6)
1 creature vanquished.

Grand Total: 124 creatures vanquished

Notes
Turn   | Place    | Note
-------+----------+-------------------------------------------
     0 | D:1      | IdlyInterested the Demonspawn Fighter began the quest for
                  | the Orb.
     0 | D:1      | Reached XP level 1. HP: 18/18 MP: 1/1
    55 | D:1      | Reached skill level 1 in Dodging
    55 | D:1      | Gained mutation: You sometimes gain a little power by
                  | taking damage. [demonic ancestry]
    55 | D:1      | Reached XP level 2. HP: 24/24 MP: 2/2
    80 | D:1      | Reached skill level 1 in Stealth
   423 | D:1      | Gained mutation: You have sharp fingernails. [demonic
                  | ancestry]
   423 | D:1      | Reached XP level 3. HP: 26/29 MP: 3/3
   485 | D:1      | Reached skill level 1 in Throwing
   747 | D:2      | Noticed Robin
   771 | D:2      | Reached skill level 1 in Unarmed Combat
   775 | D:2      | Killed Robin
   783 | D:2      | Reached skill level 1 in Evocations
   903 | D:2      | Gained mutation: You are partially covered in sharp spines.
                  | [demonic ancestry]
   903 | D:2      | Reached XP level 4. HP: 33/35 MP: 4/4
  1168 | D:2      | Noticed Natasha
  1174 | D:2      | Killed Natasha
  1175 | D:2      | Reached skill level 2 in Unarmed Combat
  1535 | D:3      | Reached skill level 1 in Shapeshifting
  1609 | D:2      | Noticed Natasha
  1615 | D:2      | Killed Natasha
  1616 | D:2      | Gained mutation: You are partially covered in large bone
                  | plates. (SH +4) [demonic ancestry]
  1616 | D:2      | Reached XP level 5. HP: 39/41 MP: 5/5
  1720 | D:2      | Noticed Natasha
  1724 | D:2      | Killed Natasha
  1757 | D:3      | Reached skill level 3 in Unarmed Combat
  2146 | D:3      | Noticed Sigmund
  2169 | D:3      | Killed Sigmund
  2170 | D:3      | Reached skill level 4 in Unarmed Combat
  2170 | D:3      | Gained mutation: You are mostly covered in sharp spines.
                  | [demonic ancestry]
  2170 | D:3      | Reached XP level 6. HP: 37/47 MP: 6/6
  2711 | D:4      | Noticed Blork the orc
  2725 | D:4      | Killed Blork the orc
  2726 | D:4      | Reached skill level 5 in Unarmed Combat
  2852 | D:4      | Found a sacrificial altar of Ru.
  2859 | D:4      | Reached XP level 7. HP: 52/52 MP: 7/7
  3264 | D:4      | Found an ornate altar of the Wu Jian Council.
  3467 | D:4      | Found a shimmering blue altar of Sif Muna.
  3784 | D:5      | Entered Level 5 of the Dungeon
  3886 | D:5      | Noticed Grinder
  3901 | D:5      | Killed Grinder
  3902 | D:5      | Reached skill level 6 in Unarmed Combat
  4089 | D:5      | Reached XP level 8. HP: 40/58 MP: 8/8
  4281 | D:5      | Noticed Menkaure
  4287 | D:5      | Killed Menkaure
  4288 | D:5      | Reached skill level 7 in Unarmed Combat
  4815 | D:6      | Noticed Pikel
  4819 | D:6      | Killed from afar by a white imp

Illustrated notes

Levels and vault maps discovered:
D:1:      scummos_arrival_star, layout_basic
D:2:      layout_basic, uniq_robin, uniq_natasha
D:3:      layout_basic, uniq_sigmund
D:4:      layout_basic, nicolae_overflow_crystal_walls,
          nicolae_wu_jian_glorious_leap, kennysheep_orc_sif_temple,
          uniq_blork_the_orc
D:5:      layout_rooms, kennysheep_mini_moat, uniq_menkaure, uniq_grinder
D:6:      layout_rooms, mainiacjoe_overflow_brackets, fedhas_altar_3,
          nicolae_overflow_hidden_temple, serial_shops,
          nicolae_shop_rolling_square, minivault_25, uniq_pikel

Skill      XL: |  1  2  3  4  5  6  7  8 |
---------------+-------------------------+-----
Armour         | 3 |  3.0
Dodging        | 1 2 |  2.0
Stealth        | 1 2 |  2.0
Throwing       | 1 2 |  2.6
Unarmed Combat | 1 2 4 5 6 7 |  7.7
Evocations     | 1 2 |  2.0
Shapeshifting  | 1 2 |  2.0
Short Blades   | 2 |  2.0
Fighting       | |  3.0
Shields        | |  2.6

Action                     |  1- 3 |  4- 6 |  7- 9 || total
---------------------------+-------+-------+-------++-------
  Melee: Rapier            |   119 |       |       ||   119
         Unarmed           |    37 |   126 |    87 ||   250
         Punch             |     1 |       |       ||     1
    Use: Potion            |     1 |     3 |     2 ||     6
         Scroll            |       |     1 |     9 ||    10
   Stab: Sleeping          |       |     1 |     3 ||     4
 Armour: Scale mail        |   106 |    13 |       ||   119
         Plate armour      |       |    48 |       ||    48
         Robe              |       |     1 |    24 ||    25
  Dodge: Dodged            |    75 |    18 |    32 ||   125
  Block: Buckler           |    22 |    37 |    51 ||   110
         Reflection        |       |       |     3 ||     3
         Form:             |       |       |     1 ||     1
         Flux              |       |       |     1 ||     1

Table legend: (Time is in decaauts)
 A = Elapsed time spent in this place.
 B = Non-inter-level travel time spent in this place.
 C = Inter-level travel time spent in this place.
 D = Time resting spent in this place.
 E = Time spent auto-exploring this place.
 F = Levels seen in this place.
 G = Mean time per level.
                   A        B        C        D        E       F      G
               +--------+--------+--------+--------+--------+-----+--------+
         Total |   4817 |   4148 |    669 |    711 |   2190 |   6 |  802.8 |
       Dungeon |   4817 |   4148 |    669 |    711 |   2190 |   6 |  802.8 |
               +--------+--------+--------+--------+--------+-----+--------+

Top non-repeatable levels by time:
     D:4: 1351 daAuts
     D:3: 1091 daAuts
     D:2: 843 daAuts
     D:1: 788 daAuts
     D:5: 655 daAuts
     D:6: 86 daAuts
